 Dungeon Crawl Stone Soup version 0.29.1-12-g30fa7ad0bf (webtiles) character file.

Game seed: 11250795126541719246

125391 retardedninja the Warrior (level 16, 0/155 HPs)
             Began as a Minotaur Fighter on Jan 9, 2023.
             Was an Initiate of Gozag.
             Slain by the 27-headed Lernaean hydra (6 damage)
             ... on level 4 of the Swamp.
             The game lasted 00:47:17 (32920 turns).

retardedninja the Warrior (Minotaur Fighter)       Turns: 32920, Time: 00:47:18

Health: 0/155      AC: 30    Str: 38    XL:     16   Next: 41%
Magic:  0/15       EV:  8    Int:  5    God:    Gozag
Gold:   4386       SH: 16    Dex: 14    Spells: 15/15 levels left

rFire   . . .      SeeInvis +   e - +14 obsidian axe {vorpal, Mesm Drain Fly SInv}
rCold   . . .      Faith    .   x - +2 kite shield
rNeg    . . .      Spirit   +   S - +2 plate armour "Huen" {-Cast +Blink Will++}
rPois   +          Reflect  .   p - +2 hat
rElec   +          Harm     .   m - +2 cloak
rCorr   .          Rampage  .   i - +1 pair of gloves
Will    +++..      NoCast   +   A - +0 pair of boots of Roemuge {rElec Dex+3}
Stlth   ..........              f - amulet of Xom's Wantonness {Spirit Str+4}
HPRegen 0.35/turn               h - ring of poison resistance
MPRegen 0.14/turn               D - +6 ring of strength

@: about to teleport, gold aura, flying, mesmerised, invisible
A: horns 2, retaliatory headbutt
a: Renounce Religion, Evoke Blink, Potion Petition, Call Merchant, Bribe Branch


You were on level 4 of the Swamp.
You worshipped Gozag.
Gozag was most pleased with you.
You visited 5 branches of the dungeon, and saw 27 of its levels.
You also visited: Sewer.

You collected 7674 gold pieces.
You spent 2924 gold pieces at shops.
You paid 364 gold pieces to Gozag.

Inventory:

Hand Weapons
 a - a +5 war axe of flaming
 e - the +14 obsidian axe (weapon) {vorpal, Mesm Drain Fly SInv}
   (You acquired it on level 9 of the Dungeon)

   It inflicts extra damage upon your enemies.
   It occasionally summons demons to assist the wielder when it strikes in
   combat.
   Its wielder is mesmerised by any visible foes.
   It cannot be unequipped while any foes are visible.
   SInv:      It lets you see invisible.
   Fly:       It grants you flight.
   Drain:     It drains your maximum health when unequipped.
 R - the +5 war axe of Tanine {speed, rC+ Str+2 Stlth-}
   (You bought it in a shop on level 1 of the Orcish Mines)

   Attacks with this weapon are significantly faster.
   Str:       It affects your strength (+2).
   rC:        It protects you from cold.
   Stlth:     It makes you less stealthy.
Missiles
 B - 3 throwing nets (quivered)
Armour
 i - a +1 pair of gloves (worn)
 m - a +2 cloak (worn)
 p - a +2 hat (worn)
 x - a +2 kite shield (worn)
 A - the +0 pair of boots of Roemuge (worn) {rElec Dex+3}
   (You found it on level 4 of the Dungeon)

   Dex:       It affects your dexterity (+3).
   rElec:     It insulates you from electricity.
 Q - a +2 plate armour of fire resistance
 S - the +2 plate armour "Huen" (worn) {-Cast +Blink Will++}
   (You bought it in a shop on level 2 of the Orcish Mines)

   +Blink:    It lets you blink.
   -Cast:     It prevents spellcasting.
   Will:      It greatly increases your willpower.
Jewellery
 c - a +4 ring of slaying
 f - the amulet of Xom's Wantonness (around neck) {Spirit Str+4}
   (You bought it in a shop on level 6 of the Dungeon)

   [amulet of guardian spirit]

   It causes incoming damage to be divided between your reserves of health and
   magic.
   Str:       It affects your strength (+4).
 h - a ring of poison resistance (left hand)
 D - a +6 ring of strength (right hand)
 G - an amulet of the acrobat
 M - a ring of willpower
Wands
 k - a wand of charming (10)
 l - a wand of acid (42)
 q - a wand of mindburst (9)
 r - a wand of flame (17)
 s - a wand of polymorph (15)
 L - a wand of iceblast (13)
Scrolls
 t - 12 scrolls of teleportation
 v - 2 scrolls of amnesia
 E - a scroll of poison
 J - 8 scrolls of identify
 K - 3 scrolls of fog
 N - 4 scrolls of blinking
Potions
 b - a potion of resistance
 d - 6 potions of mutation
 g - a potion of haste
 n - 6 potions of flight
 o - 14 potions of curing
 u - 5 potions of attraction
 w - 5 potions of brilliance
 z - a potion of lignification
 C - a potion of ambrosia
 O - a potion of might
Miscellaneous
 y - a phial of floods
 F - a phantom mirror (inert)
 H - a condenser vane


   Skills:
 + Level 17.4 Fighting
 + Level 17.2 Axes
 + Level 17.4 Armour
 + Level 17.4 Shields
 + Level 8.8 Evocations


You had 15 spell levels left.
You didn't know any spells.
Your spell library contained the following spells:

 Spells                   Type           Power      Damage    Failure   Level
 Apportation              Tloc           0%         N/A       96%         1
 Necrotise                Necr           0%         1d4       96%         1
 Sting                    Tmut/Pois      0%         1d3       96%         1
 Summon Small Mammal      Summ           0%         N/A       96%         1
 Blink                    Tloc           0%         N/A       99%         2
 Poisonous Vapours        Pois/Air       0%         N/A       99%         2
 Static Discharge         Conj/Air       0%         3-3/arc   99%         2
 Dazzling Flash           Conj/Hex       0%         N/A       100%        3
 Ignite Poison            Fire/Tmut/Pois 0%         N/A       100%        3
 Lesser Beckoning         Tloc           0%         N/A       100%        3
 Ozocubu's Armour         Ice            0%         N/A       100%        3
 Summon Guardian Golem    Hex/Summ       0%         N/A       100%        3
 Teleport Other           Tloc           0%         N/A       100%        3
 Airstrike                Air            0%         2d(0-16)  100%        4
 Iskenderun's Mystic Bla  Conj/Tloc      0%         2d3       100%        4
 Olgreb's Toxic Radiance  Pois           0%         N/A       100%        4
 Summon Lightning Spire   Summ/Air       0%         N/A       100%        4
 Agony                    Necr           0%         N/A       100%        5
 Alistair's Intoxication  Tmut/Pois      0%         N/A       100%        5
 Borgnjor's Vile Clutch   Necr/Erth      0%         N/A       100%        5
 Lightning Bolt           Conj/Air       0%         1d11      100%        5
 Manifold Assault         Tloc           0%         N/A       100%        5
 Metabolic Englaciation   Hex/Ice        0%         N/A       100%        5
 Silence                  Hex/Air        0%         N/A       100%        5
 Conjure Ball Lightning   Conj/Air       0%         3x3d6     100%        6
 Death Channel            Necr           0%         N/A       100%        6
 Eringya's Noxious Bog    Tmut/Pois      0%         N/A       100%        6
 Starburst                Conj/Fire      0%         6d3       100%        6
 Discord                  Hex            0%         N/A       100%        8
 Disjunction              Tloc           0%         N/A       100%        8
 Maxwell's Capacitive Co  Air            0%         ∞         100%        8
 Animate Dead             Necr           Unusable   N/A       N/A         4
 Simulacrum               Ice/Necr       Unusable   N/A       N/A         6

Dungeon Overview and Level Annotations

Branches:
Dungeon (15/15)            Temple (1/1) D:5            Lair (5/5) D:8
  Swamp (4/4) Lair:3       Spider (0/4) Lair:3          Orc (2/2) D:11
    Elf (0/3) Orc:2        Vaults (0/5) D:14         Depths (0/4) D:15
  Sewer (visited)
  Slime: Lair:4-5

Altars:
Ashenzari
Cheibriados
Dithmenos
Elyvilon
Fedhas
Gozag
Hepliaklqana
Kikubaaqudgha
Makhleb
Nemelex Xobeh
Okawaru
Qazlal
Ru
Sif Muna
Trog
Uskayaw
Vehumet
Wu Jian
Xom
Yredelemnul
Zin
The Shining One

Shops:
D:5 :   D:6 =   D:15 !   Orc:1 **   Orc:2 [[[**[:??

Portals:
Trove: D:14 (give +3 gold dragon scales)

Annotations:
D:10 2 runed translucent doors
D:12 2 transporters
Swamp:4 3 runed translucent doors, FexLirch's ghost, adept TrFi; Lernaean hydra


Innate Abilities, Weirdness & Mutations

You have a pair of horns on your head.
You reflexively headbutt those who attack you in melee.


Message History

The swamp drake looks frightened!
The swamp drake roars!
The four-headed hydra resists with almost no effort.
The swamp dragon looks frightened!
The four-headed hydra looks frightened!
The swamp drake looks frightened!
The swamp drake roars!
The tyrant leech looks frightened!
The four-headed hydra roars!
You block the 27-headed Lernaean hydra's attack.
The 27-headed Lernaean hydra bites you!
* * * LOW HITPOINT WARNING * * *
The 27-headed Lernaean hydra bites you.
* * * LOW HITPOINT WARNING * * *
The 27-headed Lernaean hydra bites you but does no damage. x2
You block the 27-headed Lernaean hydra's attack.
The 27-headed Lernaean hydra bites you but does no damage. x2
The 27-headed Lernaean hydra bites you.
* * * LOW HITPOINT WARNING * * *
The 27-headed Lernaean hydra bites you but does no damage.
The 27-headed Lernaean hydra bites you.
* * * LOW HITPOINT WARNING * * *
The 27-headed Lernaean hydra bites you but does no damage. x3
The 27-headed Lernaean hydra closely misses you.
The 27-headed Lernaean hydra bites you!
* * * LOW HITPOINT WARNING * * *
The 27-headed Lernaean hydra bites you!
* * * LOW HITPOINT WARNING * * *
The 27-headed Lernaean hydra bites you!
* * * LOW HITPOINT WARNING * * *
You block the 27-headed Lernaean hydra's attack.
The 27-headed Lernaean hydra bites you but does no damage.
The 27-headed Lernaean hydra closely misses you.
The 27-headed Lernaean hydra bites you but does no damage.
You block the 27-headed Lernaean hydra's attack.
The 27-headed Lernaean hydra bites you but does no damage.
The 27-headed Lernaean hydra bites you.
* * * LOW HITPOINT WARNING * * *
The 27-headed Lernaean hydra bites you.
You die...
Your body crumbles into a pile of gold.

♣≈≈≈.~~.~. ≈#~≈$ ≈~≈≈
♣♣~#~..~.~~ ≈~.~. .≈≈
≈≈.~.#...~ ~~.~.#≈§≈
#.......~ ≈k#§.≈#≈≈
#♣♣♣♣.~...... k..#.~~≈#
#≈.♣♣≈~...~♣. #≈≈~.≈#≈#
##≈.♣♣♣§.~.~♣
≈~D.w≈D$#######.♣♣♣.~~..
#≈.~§@.#.##...♣≈..~~..
?..?..~D.......§~~..~~~.
≈.≈~.~≈#.≈~#........~~~~
#≈~#≈.#≈≈~####~≈≈.~.§~~~
≈# ##≈≈#####≈.♣♣♣..~~...
### ♣≈.♣♣♣≈♣...~♣♣§ ♣♣
♣♣♣♣~~~..~..
♣≈~~♣.#~..~~
♣♣~~.......♣~


You could see the 27-headed Lernaean hydra (mesmerising, unable to see you), a
four-headed hydra (wandering, unable to see you), a swamp dragon (unable to see
you, fleeing), a tyrant leech (unable to see you, fleeing) and 2 swamp drakes.

Vanquished Creatures
  Rupert (D:14)
  Gastronok (D:10)
  An orc warlord (Orc:1)
  7 eleionomae
  A stone giant (D:15)
  4 bunyips
  Snorg (D:10)
  A shambling mangrove (Swamp:3)
  Josephine (Lair:4)
  Fannar (D:11)
  3 boulder beetles
  A ghost crab (Swamp:3)
  A catoblepas (Lair:1)
  12 hydras
  6 two-headed ogres
  5 centaur warriors
  3 alligators
  2 tengu warriors (D:15)
  A spriggan berserker (Swamp:1)
  6 death yaks (Lair:3)
  5 orc high priests
  A goliath frog (Swamp:4)
  An iron troll (D:14)
  3 spriggan druids (Swamp:3)
  An orange crystal statue (D:10)
  5 bog bodies
  3 swamp dragons
  Pikel (D:4)
  4 orc knights
  3 deep elf pyromancers
  3 orc sorcerers
  2 cyclopes
  18 ugly things
  2 manticores
  7 elephants
  2 will-o-the-wisps
  2 guardian serpents (D:11)
  3 black mambas
  A torpor snail (Lair:3)
  Maggie (D:10)
  7 cane toads
  3 gargoyles (D:12)
  A kobold demonologist (D:14)
  An unseen horror (D:10)
  4 yaktaurs (D:15)
  2 efreet
  A rime drake (Lair:1)
  7 komodo dragons
  3 trolls
  A hornet (shapeshifter) (D:14)
  4 tyrant leeches
  5 meliai
  A troll (shapeshifter) (D:9)
  A polar bear (Lair:5)
  Prince Ribbit (D:6)
  6 hornets
  15 blink frogs
  Grinder (D:4)
  5 dream sheep (Lair:3)
  2 jumping spiders (Lair:3)
  Sigmund (D:3)
  A shadow (D:9)
  6 wraiths
  2 spriggans
  A yak (shapeshifter) (D:14)
  7 wyverns
  33 yaks
  Eustachio (D:4)
  3 basilisks
  2 steam dragons
  7 vampire mosquitoes
  4 wargs
  A naga (shapeshifter) (D:13)
  An acid dragon (D:10)
  8 water moccasins
  10 swamp worms
  40 orc warriors
  6 swamp drakes
  3 ice beasts
  A sky beast (D:6)
  2 black bears (Lair:3)
  6 ogres
  5 wolves
  A lemure (D:4)
  17 centaurs
  Blork the orc (D:4)
  4 kobold brigands
  8 bullfrogs
  A necrophage (D:6)
  7 scorpions
  A gnoll sergeant (D:8)
  2 wights (D:9)
  4 killer bees (D:9)
  5 howler monkeys
  5 hounds
  17 orc priests
  3 gnoll boudas
  A jelly (D:5)
  26 orc wizards
  Terence (D:2)
  4 iguanas
  Robin (D:2)
  18 gnolls
  6 adders
  A river rat (Sewer)
  2 shadow imps (D:6)
  2 white imps
  2 ufetubi (D:5)
  An adder skeleton (D:2)
  A worm (D:5)
  3 dart slugs
  93 orcs
  15 ball pythons
  6 bats
  11 endoplasms
  3 giant cockroaches
  14 goblins
  5 hobgoblins
  4 jackals
  20 kobolds
  8 quokkas
  2 ball python skeletons (D:2)
  4 frilled lizards
  A giant cockroach zombie (D:2)
  A quokka skeleton (D:2)
  A quokka zombie (D:2)
  10 rats
692 creatures vanquished.

Vanquished Creatures (collateral kills)
  An eleionoma (Swamp:2)
  A shambling mangrove (Swamp:2)
  A hydra (D:11)
  An ogre mage (D:15)
  2 boulder beetles (D:14)
  3 two-headed ogres
  A tengu warrior (D:15)
  An alligator (Swamp:3)
  An orc high priest (Orc:2)
  A spriggan (Swamp:2)
  A goliath frog (Swamp:3)
  A swamp dragon (Swamp:2)
  A bog body (Swamp:2)
  5 orc knights
  A wizard (D:13)
  A deep elf pyromancer (D:15)
  An ugly thing (D:15)
  A manticore (D:15)
  A cyclops (D:11)
  2 elephants (Lair:1)
  A gargoyle (D:13)
  3 cane toads
  2 komodo dragons
  A troll (D:11)
  A meliai (D:13)
  2 tyrant leeches (Swamp:3)
  4 hornets
  2 blink frogs
  4 yaks
  A basilisk (Lair:5)
  A vampire mosquito (D:14)
  2 swamp worms
  An acid dragon (D:13)
  A water moccasin (Lair:1)
  7 orc warriors
  A swamp drake (Swamp:2)
  4 wolves (Lair:3)
  A bullfrog (D:9)
  16 orc priests
  4 orc wizards
  2 iguanas (Lair:3)
  9 orcs
  A kobold (D:11)
  A bush (Lair:1)
100 creatures vanquished.

Vanquished Creatures (others)
  A hydra (Swamp:3)
  A tyrant leech (Swamp:3)
  2 bloated husks (Swamp:1)
  A vampire mosquito (D:13)
  A bush (Lair:1)
  12 foxfires
  17 fungi
  88 plants
  2 withered plants (D:2)
125 creatures vanquished.

Grand Total: 917 creatures vanquished

Notes
Turn   | Place    | Note
-------+----------+-------------------------------------------
     0 | D:1      | retardedninja the Minotaur Fighter began the quest for the
                  | Orb.
     0 | D:1      | Reached XP level 1. HP: 19/19 MP: 0/0
   524 | D:1      | Reached XP level 2. HP: 24/27 MP: 1/1
   875 | D:1      | Reached XP level 3. HP: 31/33 MP: 2/2
  1473 | D:2      | Noticed Robin
  1473 | D:2      | Noticed Terence
  1486 | D:2      | Killed Terence
  1487 | D:2      | Reached XP level 4. HP: 17/41 MP: 3/3
  1492 | D:2      | Killed Robin
  1984 | D:2      | Found a faded altar of an unknown god.
  2103 | D:2      | Reached XP level 5. HP: 46/47 MP: 4/4
  2246 | D:3      | Identified the +4 hand axe "Wooheoxt" {venom, rElec Str+4}
  2246 | D:3      | Noticed Sigmund
  2286 | D:3      | Killed Sigmund
  2287 | D:3      | Reached skill level 5 in Fighting
  2287 | D:3      | Reached skill level 5 in Armour
  2287 | D:3      | Reached skill level 5 in Shields
  2287 | D:3      | Reached XP level 6. HP: 31/56 MP: 5/5
  3127 | D:4      | Noticed Eustachio
  3142 | D:4      | Killed Eustachio
  3143 | D:4      | Reached skill level 5 in Axes
  3143 | D:4      | Reached XP level 7. HP: 40/62 MP: 6/6
  3341 | D:4      | Found a glowing drain.
  3351 | Sewer    | Entered a sewer
  3764 | Sewer    | Found a white marble altar of Elyvilon.
  4072 | D:4      | Noticed Pikel
  4086 | D:4      | Killed Pikel
  4087 | D:4      | Reached XP level 8. HP: 21/71 MP: 7/7
  4445 | D:4      | Noticed Grinder
  4456 | D:4      | Paralysed by Grinder for 4 turns
  4463 | D:4      | Killed Grinder
  4666 | D:4      | Noticed Blork the orc
  4675 | D:4      | Killed Blork the orc
  4879 | D:4      | Identified the +0 pair of boots of Roemuge {rElec Dex+3}
  5178 | D:5      | Entered Level 5 of the Dungeon
  5250 | D:5      | Found Toclu's Book Shoppe.
  5953 | D:5      | Reached XP level 9. HP: 81/81 MP: 8/8
  6252 | D:5      | Found a staircase to the Ecumenical Temple.
  6461 | Temple   | Entered the Ecumenical Temple
  6771 | D:6      | Noticed Prince Ribbit
  6968 | D:6      | Found Qegrew's Jewellery Shop.
  7165 | D:6      | Killed Prince Ribbit
  8628 | D:8      | Found a staircase to the Lair.
  8798 | D:8      | Reached XP level 10. HP: 64/91 MP: 9/9
  9694 | D:8      | Found a hazy altar of Hepliaklqana.
 10049 | D:9      | Noticed a two-headed ogre
 10059 | D:9      | Reached skill level 10 in Fighting
 10059 | D:9      | Reached skill level 10 in Armour
 10059 | D:9      | Reached skill level 10 in Shields
 10067 | D:9      | Killed a two-headed ogre
 10071 | D:9      | Reached skill level 10 in Axes
 10079 | D:9      | HP: 2/94 [something (26)]
 11189 | D:9      | Identified a scroll of acquirement
 11189 | D:9      | Acquired the +14 obsidian axe {vorpal, Mesm Drain Fly SInv}
 11189 | D:9      | Found the +14 obsidian axe {vorpal, Mesm Drain Fly SInv}
 11292 | D:9      | Got Ellean's Foundations of Casting
 11315 | D:9      | Reached XP level 11. HP: 100/101 MP: 10/10
 11318 | D:9      | Noticed a white ugly thing
 11323 | D:9      | Killed a white ugly thing
 11487 | D:9      | Acquired 695 gold pieces
 11566 | D:6      | Bought the amulet of Xom's Wantonness {Spirit Str+4} for
                  | 635 gold pieces
 11644 | Lair:1   | Entered Level 1 of the Lair of Beasts
 12515 | Lair:1   | Noticed a catoblepas
 12526 | Lair:1   | Killed a catoblepas
 13089 | Lair:2   | Reached XP level 12. HP: 105/113 MP: 11/11
 13919 | Lair:3   | Found a staircase to the Swamp.
 13954 | Lair:3   | Noticed a four-headed hydra
 13960 | Lair:3   | Killed a six-headed hydra
 14169 | Lair:3   | Found a hole to the Spider Nest.
 14724 | Lair:3   | Noticed a death yak
 14725 | Lair:3   | Noticed a death yak
 14726 | Lair:3   | Noticed a death yak
 14726 | Lair:3   | Noticed a death yak
 14727 | Lair:3   | Noticed a death yak
 14727 | Lair:3   | Noticed a death yak
 14730 | Lair:3   | Killed a death yak
 14737 | Lair:3   | Killed a death yak
 14741 | Lair:3   | Killed a death yak
 14741 | Lair:3   | Killed a death yak
 14742 | Lair:3   | Killed a death yak
 14746 | Lair:3   | Killed a death yak
 14747 | Lair:3   | Reached XP level 13. HP: 86/123 MP: 3/12
 15158 | Lair:4   | Reached skill level 1 in Evocations
 15257 | Lair:4   | Noticed Josephine
 15266 | Lair:4   | Killed Josephine
 15931 | Lair:5   | Entered Level 5 of the Lair of Beasts
 17130 | D:9      | Found an opulent altar of Gozag.
 17133 | D:9      | Found a basalt altar of Yredelemnul.
 17147 | D:9      | Became a worshipper of Gozag Ym Sagoz the Greedy
 17153 | D:9      | Found a glowing silver altar of Zin.
 17167 | D:9      | Found a bloodstained altar of Trog.
 17566 | D:10     | Entered Level 10 of the Dungeon
 17686 | D:10     | Found a runed translucent door.
 17706 | D:10     | Noticed Maggie
 17706 | D:10     | Noticed Snorg
 17708 | D:10     | Noticed Gastronok
 17713 | D:10     | Killed Snorg
 17713 | D:10     | Killed Maggie
 17724 | D:10     | Killed Gastronok
 17862 | D:10     | Found an iron altar of Okawaru.
 18214 | D:10     | Found a runed translucent door.
 18232 | D:10     | Found a runed translucent door.
 18245 | D:10     | Found a runed translucent door.
 18691 | D:10     | Acquired 542 gold pieces
 18749 | D:11     | Found a staircase to the Orcish Mines.
 18846 | D:11     | Noticed Fannar
 18861 | D:11     | Killed Fannar
 19607 | D:12     | Reached XP level 14. HP: 119/133 MP: 11/13
 19839 | D:12     | Found a transporter.
 19846 | D:12     | Found a transporter.
 19943 | D:12     | Found a shadowy altar of Dithmenos.
 20034 | D:12     | Reached skill level 15 in Fighting
 20136 | D:12     | Reached skill level 15 in Shields
 20258 | D:13     | Reached skill level 15 in Armour
 20285 | D:13     | Reached skill level 5 in Evocations
 20714 | D:13     | Reached skill level 15 in Axes
 20962 | D:13     | Identified the +3 scale mail of Setel {Will++ Str-2}
 22067 | D:14     | Found a gate to the Vaults.
 22261 | D:14     | Identified the +1 hand axe "Jex Pehubb" {vamp, rPois rF+
                  | Dex+3 SInv}
 22485 | D:14     | Found a portal to a secret trove of treasure.
 22523 | D:14     | Noticed Rupert
 22539 | D:14     | Killed Rupert
 22771 | D:15     | Entered Level 15 of the Dungeon
 22978 | D:15     | Found Xaqim's Distillery.
 23474 | D:15     | Reached XP level 15. HP: 132/143 MP: 11/14
 24274 | D:15     | Found a staircase to the Depths.
 24593 | Orc:1    | Entered Level 1 of the Orcish Mines
 24672 | Orc:1    | Found Giekiud's Assorted Antiques.
 24694 | Orc:1    | Bought a shiny plate armour for 676 gold pieces
 24694 | Orc:1    | Bought a faintly glowing war axe for 221 gold pieces
 24694 | Orc:1    | Identified the +5 war axe of Tanine {speed, rC+ Str+2
                  | Stlth-} (You bought it in a shop on level 1 of the Orcish
                  | Mines)
 24813 | Orc:1    | Noticed an orc warlord
 24824 | Orc:1    | Identified the +0 leather armour of Ru's Outrage {+Inv
                  | rF+++ Regen+ Stlth-}
 24829 | Orc:1    | Killed an orc warlord
 25111 | Orc:1    | Found Deantom's CLEARANCE SALE!.
 25861 | Orc:2    | Entered Level 2 of the Orcish Mines
 25905 | Orc:2    | Found a staircase to the Elven Halls.
 25990 | Orc:2    | Found Judixon's Armour Boutique.
 26003 | Orc:2    | Bought the +2 plate armour "Huen" {-Cast +Blink Will++} for
                  | 594 gold pieces
 26022 | Orc:2    | Found Caennype's Antique Armour Emporium.
 26022 | Orc:2    | Found Comus's Antique Armour Shop.
 26033 | Orc:2    | Found Baegitso's General Store.
 26042 | Orc:2    | Bought a scroll of enchant armour for 105 gold pieces
 26101 | Orc:2    | Found Poli's General Store.
 27064 | Orc:2    | Found Koebefi's Armour Emporium.
 27064 | Orc:2    | Found Neasybb's Magic Scroll Emporium.
 27065 | Orc:2    | Found Daow's Book Shoppe.
 27065 | Orc:2    | Found Ryok's Magic Scroll Emporium.
 27075 | Orc:2    | Bought a scroll of brand weapon for 133 gold pieces
 27075 | Orc:2    | Bought a scroll of enchant weapon for 105 gold pieces
 27075 | Orc:2    | Bought a scroll of enchant armour for 105 gold pieces
 27077 | Orc:2    | Bought a scroll of enchant weapon for 82 gold pieces
 27077 | Orc:2    | Bought a scroll of enchant armour for 82 gold pieces
 27077 | Orc:2    | Bought a scroll of enchant armour for 82 gold pieces
 27077 | Orc:2    | Bought a scroll of brand weapon for 104 gold pieces
 27539 | Swamp:1  | Entered Level 1 of the Swamp
 30029 | Swamp:2  | Reached XP level 16. HP: 121/154 MP: 13/15
 32178 | Swamp:4  | Entered Level 4 of the Swamp
 32697 | Swamp:4  | Found a runed translucent gate.
 32697 | Swamp:4  | Found a runed translucent gate.
 32697 | Swamp:4  | Found a runed translucent gate.
 32697 | Swamp:4  | Noticed FexLirch's ghost (adept TrFi)
 32907 | Swamp:4  | Noticed the 27-headed Lernaean hydra
 32920 | Swamp:4  | HP: 6/155 [the 27-headed Lernaean hydra (4)]
 32920 | Swamp:4  | Slain by the 27-headed Lernaean hydra

Illustrated notes

Levels and vault maps discovered:
D:1:      dreamdust_arrival_sigmund_warning, layout_basic, minmay_quantized
D:2:      layout_basic, serial_undead, serial_undead_a, serial_undead_d,
          serial_undead_e, serial_undead_b, serial_undead_a,
          nicolae_ecumenical_snake_handling, uniq_terence, uniq_robin
D:3:      layout_rooms, uniq_sigmund
D:4:      wad_woods_tower, layout_basic, cheibrodos_sewer_entry_drain,
          uniq_pikel, uniq_eustachio, uniq_grinder, uniq_blork_the_orc
D:5:      layout_loops_corners, minmay_temple_entry_crystal_x, serial_shops,
          nicolae_shop_stone
D:6:      layout_rooms, serial_shops, nicolae_square_shop,
          kennysheep_generic_room_10, uniq_prince_ribbit1
D:7:      layout_cave_pools
D:8:      layout_loops_ring, mainiacjoe_overflow_alcove_1,
          erik_lair_orcish_takeover, special_room [special_room_orc]
D:9:      minmay_the_grid_four_pointed_star
          [minmay_the_grid_triangle_9x9_stretched_checkered,
          minmay_the_grid_triangle_9x9_descending_squares,
          minmay_the_grid_triangle_9x9_sparse_checkered,
          minmay_the_grid_triangle_9x9_limited_checkers,
          minmay_the_grid_prize_trominoes], layout_stronghold,
          grunt_temple_overflow_cloverleaf
D:10:     layout_rooms, mainiacjoe_overflow_brackets,
          minmay_statue_crystal_thing, uniq_maggie, uniq_snorg, uniq_gastronok
D:11:     nrook_guardian_serpent_snake_passage, layout_rooms, david_orc_2,
          uniq_fannar
D:12:     gammafunk_wand_slinger, layout_rooms, grunt_dithmenos_smoke
D:13:     layout_cave_pools, st_stairs_6, lemuel_old_faithful
D:14:     layout_basic, david_vaults_4, glass_columns_c,
          nicolae_trove_entry_isolated, uniq_rupert
D:15:     grunt_enter_depths_snipers, layout_irregular_city, serial_shops,
          nicolae_shop_behind_doors, reono_crystal_passage,
          unseen_surprise_small
Temple:   nicolae_temple_bog_church
Lair:1:   layout_chaotic_city, chequers_serial_rivers_room_a, minmay_holes,
          nicolae_lair_grazing_beasts [nicolae_sub_lair_graze_edge,
          nicolae_sub_lair_graze_edge, nicolae_sub_lair_graze_edge,
          nicolae_sub_lair_graze_edge]
Lair:2:   layout_regular_city
Lair:3:   hellmonk_destroyed_diamonds, layout_regular_city,
          minmay_swamp_entry_reptiles, spider_nest_entry_a
Lair:4:   layout_concentric_octagons, lemuel_fruit_fields, uniq_josephine
Lair:5:   cheibrodos_lair_end_hotspot, layout_cave_pods, slime_entry_1
Swamp:1:  layout_basic_swamp, hangedman_swamp_ruin_hall
Swamp:2:  layout_basic_swamp, nicolae_swamp_orc_logging_accident
Swamp:3:  nicolae_swamp_tree_isthmus, layout_basic_swamp,
          nicolae_swamp_tree_designs, swamp_pool1
Swamp:4:  swamp_old_school, layout_basic_swamp, gammafunk_ghost_necromancy
Orc:1:    orc_temple, layout_caves, serial_shops,
          nicolae_shop_overgrown_old_shop, nicolae_shop_clearance
Orc:2:    st_orc_pillars, layout_caves, serial_shops, nicolae_shop_statue_plus,
          shop, nicolae_shop_hallway_plus, nicolae_square_shop, shop_fountains

Skill      XL: |  1  2  3  4  5  6  7  8  9 10 11 12 13 14 15 16 |
---------------+-------------------------------------------------+-----
Fighting       | 4 5 6 7 9 10 12 13 14 15 16 17 | 17.4
Armour         | 4 5 6 7 9 10 12 13 14 15 16 17 | 17.4
Shields        | 4 5 6 7 9 10 12 13 14 15 16 17 | 17.4
Axes           | 3 4 5 6 7 9 10 12 13 14 15 16 17 | 17.2
Evocations     | 4 6 8 |  8.8

Action                   |  1- 3 |  4- 6 |  7- 9 | 10-12 | 13-15 | 16-18 || total
-------------------------+-------+-------+-------+-------+-------+-------++-------
Melee: War axe           |    74 |    80 |   335 |   111 |       |       ||   600
       Headbutt          |    10 |     9 |    58 |    60 |   128 |    29 ||   294
       Broad axe         |       |       |       |   195 |   643 |   114 ||   952
Throw: Throwing net      |       |       |       |       |     1 |       ||     1
Evoke: Wand              |       |       |       |       |       |     2 ||     2
       Phantom mirror    |       |       |       |       |       |     1 ||     1
  Use: Potion            |     1 |     1 |     1 |    10 |     7 |     2 ||    22
       Scroll            |       |    10 |     8 |     7 |    20 |     7 ||    52
 Stab: Distracted        |       |       |       |       |    10 |     1 ||    11
Armor: Scale mail        |    34 |    61 |   122 |    52 |       |       ||   269
       Chain mail        |       |       |    69 |     3 |       |       ||    72
       Plate armour      |       |       |       |    89 |   335 |   172 ||   596
Dodge: Dodged            |    48 |    63 |   133 |    79 |   167 |    57 ||   547
Block: Buckler           |    12 |    37 |   117 |     3 |       |       ||   169
       Kite shield       |       |       |       |   154 |   441 |   122 ||   717
